 Dungeon Crawl Stone Soup version 0.26.1-2-gb8aa6d0cf2 (webtiles) character file.

Game seed: 3722891578247241689

42 Descartes the Chucker (level 3, -4/33 HPs)
             Began as a Troll Hunter on Feb 9, 2021.
             Killed from afar by an orc wizard (10 damage)
             ... with a puff of frost
             ... on level 2 of the Dungeon.
             The game lasted 00:02:03 (1417 turns).

Descartes the Chucker (Troll Hunter)                Turns: 1417, Time: 00:02:03

Health: -4/33      AC:  6    Str: 20    XL:     3   Next: 35%
Magic:  2/2        EV: 10    Int:  7    God:
Gold:   18         SH:  0    Dex: 11    Spells: 2/2 levels left

rFire    . . .     SeeInvis .   a - +0 short sword
rCold    . . .     Faith    .   (no shield)
rNeg     . . .     Spirit   .   b - +0 robe
rPois    .         Reflect  .   (helmet restricted)
rElec    .         Harm     .   (no cloak)
rCorr    .         Rampage  .   (gloves unavailable)
Will     .....                  (boots unavailable)
Stlth    +.........             (no amulet)
HPRegen  0.51/turn              (no ring)
MPRegen  0.08/turn              (no ring)

@: no status effects
A: large, unfitting armour, claws 3, regeneration 1, shaggy fur 1, tough skin 3
a: no special abilities


You were on level 2 of the Dungeon.
You visited 1 branch of the dungeon, and saw 2 of its levels.

You collected 18 gold pieces.

Inventory:

Hand Weapons
 a - a +0 short sword (weapon)
Missiles
 c - 5 large rocks (quivered)
 d - 2 throwing nets
 e - 67 stones
Armour
 b - a +0 robe (worn)
Jewellery
 g - a cursed ring of teleportation {unknown}
Scrolls
 f - 3 scrolls of identify {unknown}
 i - a scroll of remove curse {unknown}
 k - a scroll of teleportation {unknown}
Potions
 h - a potion of curing {unknown}
 j - a potion of brilliance {unknown}


   Skills:
 - Level 1.5 Fighting
 + Level 4.2 Throwing
 - Level 1.5 Dodging
 - Level 0.3 Stealth
 + Level 2.0 Unarmed Combat


You had 2 spell levels left.
You didn't know any spells.
Your spell library was empty.

Dungeon Overview and Level Annotations

Branches:
Dungeon (2/15)

Altars:


Innate Abilities, Weirdness & Mutations

You are too large for most types of armour.
You have claws for hands.
Your natural rate of healing is unusually fast.
You are covered in fur. (AC +1)
You have extremely tough skin. (AC +3)


Message History

An orc comes into view. It is wielding a +0 whip.
The orc hits you with a +0 hand axe.
You hit the orc.
You kill the orc!
The orc wizard looks satisfied for a moment.
Things that are here:
a +0 hand axe; a +0 scale mail; a scroll labelled OXZIRE YGEUCUE The orc warrior hits you but does no damage.
You barely miss the orc warrior.
An orc comes into view. It is wielding a +0 falchion.
The orc warrior closely misses you.
You barely miss the orc warrior.
The orc shouts!
The orc warrior hits you with a +0 short sword!
Ouch! That really hurt!
* * * LOW HITPOINT WARNING * * *
There are monsters nearby!
The orc wizard casts a spell at you. The puff of frost hits you!
You die...

#. #. ..# #. #.#
#...$ ###. #.#
.#...# <.. #.#
......
#..###o#####.#.....
#...oo........##.###
# #o@...#......#
#.##$#$##..#.#.#
..###....# #
#.##?#.##..#
#.#.....#..#
#..........#
##.#.#.#.#)# #
#.#.#.#.#
#.#.#.#.###


You could see an orc warrior, an orc wizard and 2 orcs.

Vanquished Creatures
  An adder (D:2)
  An ooze (D:1)
  2 dart slugs (D:1)
  A leopard gecko (D:1)
  An orc (D:2)
  2 bats (D:1)
  A giant cockroach (D:1)
  2 goblins (D:1)
  A hobgoblin (D:2)
  3 jackals (D:1)
  3 kobolds (D:1)
  3 frilled lizards
  A rat (D:1)
22 creatures vanquished.

Notes
Turn   | Place    | Note
-------+----------+-------------------------------------------
     0 | D:1      | Descartes the Troll Hunter began the quest for the Orb.
     0 | D:1      | Reached XP level 1. HP: 19/19 MP: 0/0
   233 | D:1      | Reached skill level 1 in Unarmed Combat
   233 | D:1      | Reached XP level 2. HP: 27/27 MP: 1/1
   375 | D:1      | Reached skill level 4 in Throwing
   734 | D:1      | Reached XP level 3. HP: 33/33 MP: 2/2
  1409 | D:2      | Noticed an orc warrior
  1417 | D:2      | Killed from afar by an orc wizard

Illustrated notes

Levels and vault maps discovered:
D:1:      sevenhm_arrival_forest_fort_large_4, layout_loops_corners
D:2:      layout_basic, minmay_tall_x

Skill      XL: |  1  2  3 |
---------------+----------+-----
Unarmed Combat | 1 2 |  2.0
Throwing       | 4 |  4.2
Fighting       | |  1.5
Dodging        | |  1.5
Stealth        | |  0.3

Action                   || total
-------------------------++-------
Melee: Short sword       ||   126
Armor: Robe              ||    76
Dodge: Dodged            ||    78
